 Dungeon Crawl Stone Soup version 0.25.1-2-g60ff931df9 (webtiles) character file.

Game seed: 3190803031502850654

880 DildoBatman the Conjurer (level 8, 0/52 HPs)
             Began as a Formicid Wizard on Sept 4, 2020.
             Slain by Pikel
             ... wielding a +0 whip of flaming
              (3 damage)
             ... on level 4 of the Dungeon.
             The game lasted 00:17:42 (4748 turns).

DildoBatman the Conjurer (Formicid Wizard)          Turns: 4748, Time: 00:17:42

Health: 0/52       AC:  2    Str: 12    XL:     8   Next: 25%
Magic:  9/12       EV: 12    Int: 20    God:
Gold:   106        SH:  0    Dex:  9    Spells: 6/13 levels left

rFire    . . .     SeeInvis +   b - +0 spear
rCold    . . .     Gourm    .   (no shield)
rNeg     . . .     Faith    .   j - +0 robe
rPois    .         Spirit   .   (helmet unavailable)
rElec    .         Reflect  .   (no cloak)
rCorr    .         Harm     .   (no gloves)
MR       .....                  (no boots)
Stlth    ++........             (no amulet)
HPRegen  0.17/turn              h - ring of wizardry
MPRegen  0.13/turn              (no ring)

@: no status effects
A: permanent stasis, dig shafts and tunnels, four strong arms, antennae 3
a: Dig, Shaft Self


You were on level 4 of the Dungeon.
You were hungry.

You visited 1 branch of the dungeon, and saw 5 of its levels.
You also visited: Ossuary.

You collected 106 gold pieces.

Inventory:

Hand Weapons
 a - a +0 hunting sling
 b - a +0 spear (weapon)
Missiles
 d - 52 stones
 f - a throwing net
 k - 5 javelins
 l - 40 arrows
 o - 15 poisoned darts (quivered)
 y - 7 bolts
 B - 23 sling bullets
Armour
 j - a +0 robe (worn)
 w - a +1 ring mail of poison resistance
Magical Staves
 p - an uncursed staff of cold {unknown}
Jewellery
 h - a ring of wizardry (left hand)
 E - an uncursed ring of ice {unknown}
Wands
 s - a wand of iceblast (4)
Scrolls
 g - 2 scrolls of immolation
 m - a scroll of remove curse {unknown}
 q - 2 scrolls of enchant armour
 t - 2 scrolls of enchant weapon
 x - a scroll of fog {unknown}
 z - 2 scrolls of identify
 G - a scroll of vulnerability {unknown}
 I - a scroll of summoning {unknown}
Potions
 e - 3 potions of mutation {unknown}
 i - 2 potions of brilliance {unknown}
 n - 3 potions of berserk rage {unknown}
 u - a potion of curing
 A - a potion of magic {unknown}
 C - a potion of stabbing {unknown}
 D - a potion of might {unknown}
 F - a potion of experience {unknown}
 H - a potion of lignification {unknown}
Comestibles
 v - 8 rations


   Skills:
 - Level 1.7 Dodging
 - Level 2.4 Stealth
 - Level 3.2 Spellcasting
 - Level 6.0 Conjurations
   Level 1.0 Summonings
   Level 0.8 Translocations
 * Level 4.7 Fire Magic
 * Level 2.3 Air Magic


You had 6 spell levels left.
You knew the following spells:

 Your Spells              Type           Power        Failure   Level  Hunger
a - Conjure Flame         Conj/Fire      ###.....     1%          3    ###....
c - Magic Dart            Conj           ####         1%          1    None
e - Mephitic Cloud        Conj/Pois/Air  ##......     5%          3    ###....

Your spell library contained the following spells:

 Spells                   Type           Power        Failure   Level  Hunger
 Call Imp                 Summ           #.......     6%          2    ##.....
 Slow                     Hex            #.......     9%          2    ##.....
 Blink                    Tloc           Unusable     N/A         2    N/A

Dungeon Overview and Level Annotations

Branches:
Dungeon (5/15)            Ossuary (visited)
 Temple: D:4-7

Altars:

Annotations:
D:4 Pikel
D:5 Grinder


Innate Abilities, Weirdness & Mutations

You cannot be hasted, slowed, berserked, paralysed or teleported.
You can dig through walls and to a lower floor.
Your four strong arms can wield two-handed weapons with a shield.
You have a pair of large antennae on your head. (SInv)


Message History

2 scrolls of random uselessness
Casting: Magic Dart (safe; 1% risk of failure)
Confirm with . or Enter, or press ? or * to list all spells.
Aiming: Mephitic Cloud (dangerous; 5% risk of failure)
Press: ? - help, Shift-Dir - straight line, f - Pikel
Aim: Pikel, wielding a +0 whip of flaming and wearing a +0 robe
Okay, then.
Pikel says, "You'll fetch a fair price!"
You extend your mandibles.
You dig through the rock wall.
You retract your mandibles.
Found 14 stones.
You extend your mandibles.
You dig through the rock wall.
You dig through the rock wall.
You retract your mandibles.
You barely miss Pikel.
Pikel hits you with a +0 whip of flaming!
Pikel burns you.
You die...

#...........#
#..........
#...........#
###########
#...........#
#...........#
#...........######
#..........>.....#
##############.#.#
*********######.##.#
,,,,,,,,.(......@#.#
********########.K.#
#.#.# #.#.# #.#.#
#.#.# #.#.# #.#.#
#.#.#


You could see Pikel.

Vanquished Creatures
  2 slaves
  12 scorpions
  A centaur zombie (Ossuary)
  A human zombie (Ossuary)
  An orc priest (D:5)
  A worker ant (D:4)
  A killer bee zombie (D:3)
  2 big kobold zombies (Ossuary)
  3 mummies (Ossuary)
  4 adders
  2 scorpion zombies (Ossuary)
  A shadow imp (D:5)
  An ooze (D:1)
  An adder skeleton (D:4)
  A worm (D:2)
  A dart slug (D:1)
  8 orcs
  10 bats
  3 giant cockroaches
  2 gnoll zombies (Ossuary)
  8 goblins
  5 hobgoblins
  2 jackals (D:1)
  3 frilled lizards
  3 goblin zombies (Ossuary)
  3 hobgoblin zombies (Ossuary)
  11 kobolds
  2 kobold zombies (Ossuary)
  2 orc zombies (Ossuary)
  5 rats
102 creatures vanquished.

Notes
Turn   | Place    | Note
-------+----------+-------------------------------------------
     0 | D:1      | DildoBatman the Formicid Wizard began the quest for the
                  | Orb.
     0 | D:1      | Reached XP level 1. HP: 13/13 MP: 4/4
    20 | D:1      | Reached skill level 1 in Conjurations
   229 | D:1      | Reached XP level 2. HP: 19/19 MP: 1/6
   383 | D:1      | Reached skill level 2 in Conjurations
   612 | D:1      | Reached XP level 3. HP: 24/24 MP: 5/7
  1332 | D:2      | Reached skill level 3 in Conjurations
  1475 | D:2      | Reached XP level 4. HP: 25/30 MP: 0/8
  2048 | D:2      | Learned a level 3 spell: Conjure Flame
  2052 | D:2      | Learned a level 3 spell: Mephitic Cloud
  2273 | D:3      | Reached skill level 4 in Conjurations
  2273 | D:3      | Reached XP level 5. HP: 35/35 MP: 1/9
  2882 | D:4      | Found a sand-covered staircase.
  2908 | Ossuary  | Entered an ossuary
  2969 | Ossuary  | Reached skill level 1 in Fire Magic
  2969 | Ossuary  | Reached XP level 6. HP: 26/41 MP: 5/10
  3173 | Ossuary  | Reached skill level 5 in Conjurations
  3199 | Ossuary  | HP: 2/41 [poisoned by a scorpion]
  3450 | Ossuary  | Reached XP level 7. HP: 19/46 MP: 7/11
  4024 | Ossuary  | Reached skill level 1 in Air Magic
  4136 | Ossuary  | Reached skill level 6 in Conjurations
  4136 | Ossuary  | Reached XP level 8. HP: 27/52 MP: 3/12
  4338 | D:5      | Entered Level 5 of the Dungeon
  4548 | D:5      | Noticed Grinder
  4692 | D:5      | Noticed Pikel
  4748 | D:4      | Slain by Pikel

Illustrated notes

Levels and vault maps discovered:
D:1:      minmay_arrival_hallway, layout_basic
D:2:      layout_loops_ring
D:3:      layout_rooms, first_ration, hangedman_abyss_or_decor_stabs,
          serial_bayou_crossing
D:4:      layout_basic, lightli_ossuary_entry_decrepit_ruins,
          minmay_tree_intersection, uniq_natasha
D:5:      layout_rooms, serial_shops, kennysheep_mini,
          ebering_ghost_rock_garden, uniq_pikel, uniq_grinder

Skill      XL: |  1  2  3  4  5  6  7  8 |
---------------+-------------------------+-----
Conjurations   | 1 2 3 4 5 6 |  6.0
Fire Magic     | 1 3 4 |  4.7
Air Magic      | 1 2 |  2.3
Dodging        | |  1.7
Stealth        | |  2.4
Spellcasting   | |  3.2
Summonings     | |  1.0
Translocations | |  0.8

Action                   |  1- 3 |  4- 6 |  7- 9 || total
-------------------------+-------+-------+-------++-------
Melee: Club              |     3 |       |       ||     3
       Spear             |       |    51 |   100 ||   151
 Fire: Hunting sling     |       |     9 |       ||     9
Throw: Dart              |     1 |    23 |    30 ||    54
 Cast: Magic Dart        |    77 |    71 |    29 ||   177
       Conjure Flame     |       |     5 |     9 ||    14
       Mephitic Cloud    |       |     5 |    13 ||    18
 Abil: Dig               |       |     3 |     5 ||     8
Evoke: Wand              |       |       |     2 ||     2
  Use: Scroll            |       |     8 |       ||     8
       Potion            |       |       |     4 ||     4
 Stab: Confused          |       |       |     2 ||     2
  Eat: Chunk             |     1 |     6 |     1 ||     8
       Ration            |       |       |     2 ||     2
Armor: Robe              |       |     6 |    14 ||    20
Dodge: Dodged            |    10 |    33 |    53 ||    96
